 Dungeon Crawl Stone Soup version 0.18-a0-1121-gb454403 (webtiles) character file.

6100 Geeful the Arsonist (level 10, -2/56 HPs)
             Began as an Octopode Fire Elementalist on Jan 19, 2016.
             Was a Believer of Sif Muna.
             Slain by a yak (10 damage)
             ... on level 8 of the Dungeon.
             The game lasted 00:54:14 (13126 turns).

Geeful the Arsonist (Octopode Fire Elementalist)   Turns: 13126, Time: 00:54:14

Health: -2/56      AC:  1    Str:  8    XL:     10   Next: 88%
Magic:  11/37      EV: 12    Int: 21    God:    Sif Muna [**....]
Gold:   351        SH:  0    Dex: 12    Spells: 3 memorised, 16 levels left

rFire  . . .     SeeInvis .     C - staff of power
rCold  . . .     Gourm    .     (no shield)
rNeg   . . .     Faith    .     (helmet restricted)
rPois  .         Spirit   .     (no amulet)
rElec  .         Dismiss  .     s - ring of sustain attributes
rCorr  .         Reflect  .     H - ring of flight
SustAt +         Harm     .     (no ring)
MR     .....                    (no ring)
Stlth  +++.......               (no ring)
                                (no ring)
                                (no ring)
                                (no ring)

@: not resistant to hostile enchantments, fairly stealthy
A: almost no armour, amphibious, 8 rings, constrict 8, camouflage 1, gelatinous
body 1
a: Channel Energy, Forget Spell, Renounce Religion, Evoke Flight


You were on level 8 of the Dungeon.
You worshipped Sif Muna.
Sif Muna was pleased with you.
You were very hungry.

You visited 2 branches of the dungeon, and saw 10 of its levels.
You also visited: Ossuary.

You collected 429 gold pieces.
You spent 78 gold pieces at shops.

Inventory:

Hand Weapons
 p - a +3 long sword of holy wrath
 I - a cursed +1 spear of piercing
Missiles
 f - 6 poisoned tomahawks (quivered)
 v - 26 poisoned needles
 M - a throwing net
Armour
 m - a +0 shield
Magical Staves
 C - an uncursed staff of power (weapon)
Jewellery
 s - a ring of sustain attributes (left tentacle)
 H - a ring of flight (right tentacle)
Wands
 j - a wand of draining (6/15)
 q - a wand of disintegration (11/24)
 r - a wand of digging (12/24)
 y - a wand of digging (16/24)
 D - a wand of frost (1/48)
Scrolls
 c - 6 scrolls of remove curse
 e - 4 scrolls of magic mapping
 k - 5 scrolls of noise
 n - a scroll of recharging
 o - 2 scrolls of enchant weapon
 K - 2 scrolls of immolation
Potions
 d - a potion of agility
 h - a potion of magic
 i - a potion of mutation
 u - a potion of brilliance
 w - 2 potions of ambrosia
 x - a potion of resistance
 z - 2 potions of might
 A - 2 potions of curing
 B - a potion of haste
 E - a potion of lignification {unknown}
Books
 a - a book of Flames

   Spells                             Type                      Level
   a - Flame Tongue                   Conjuration/Fire             1
   b - Throw Flame                    Conjuration/Fire             2
   c - Conjure Flame                  Conjuration/Fire             3
   d - Inner Flame                    Hexes/Fire                   3
   e - Sticky Flame                   Conjuration/Fire             4
   f - Fireball                       Conjuration/Fire             5
 g - a Necronomicon

   Spells                             Type                      Level
   a - Haunt                          Necromancy/Summoning         7
   b - Borgnjor's Revivification      Necromancy                   8
   c - Death's Door                   Charms/Necromancy            8
   d - Necromutation                  Transmutation/Necromancy     8
 t - a book of Alchemy

   Spells                             Type                      Level
   a - Sublimation of Blood           Necromancy                   2
   b - Ignite Poison                  Fire/Transmutation/Poison    3
   c - Condensation Shield            Ice                          4
   d - Petrify                        Transmutation/Earth          4
   e - Alistair's Intoxication        Transmutation/Poison         5
   f - Irradiate                      Conjuration/Transmutation    5
 J - a Fen Folio

   Spells                             Type                      Level
   a - Corpse Rot                     Necromancy                   2
   b - Stone Arrow                    Conjuration/Earth            3
   c - Leda's Liquefaction            Hexes/Earth                  4
   d - Summon Forest                  Summoning/Translocation      5
   e - Hydra Form                     Transmutation                6
   f - Summon Hydra                   Summoning                    7
Comestibles
 b - 15 bread rations
 l - a meat ration
 F - 3 fruits
 L - a slice of pizza


   Skills:
 - Level 2.0 Dodging
 - Level 2.6 Stealth
 + Level 8.6 Spellcasting
 + Level 9.2 Conjurations
 + Level 9.5 Fire Magic
 + Level 3.6 Invocations


You had 16 spell levels left.
You knew the following spells:

 Your Spells              Type           Power        Failure   Level  Hunger
a - Flame Tongue          Conj/Fire      #####        1%          1    None
b - Sticky Flame          Conj/Fire      #####...     1%          4    ###....
c - Fireball              Conj/Fire      #####.....   4%          5    #####..


Dungeon Overview and Level Annotations

Branches:
Dungeon (9/15)             Temple (1/1) D:7            Lair (0/8) D:8
    Orc: D:9-12

Altars:
Ashenzari
Cheibriados
Elyvilon
Fedhas
Gozag
Kikubaaqudgha
Makhleb
Nemelex Xobeh
Okawaru
Pakellas
Qazlal
Ru
Sif Muna
Vehumet
Xom
Yredelemnul
Zin
The Shining One

Shops:
D:5 *   D:6 (   D:9 %


Innate Abilities, Weirdness & Mutations

You cannot wear most types of armour.
You are amphibious.
You can wear up to eight rings at the same time.
You can use your tentacles to constrict eight enemies at once.
Your skin changes colour to match your surroundings (Stealth).
Your rubbery body absorbs attacks (AC +1).


Message History

You feel sick. The orc wizard hits you with a dagger.
* * * LOW HITPOINT WARNING * * *
You climb upwards.
There is a stone staircase leading down here.
Drink which item? (? for menu, Esc to quit)
You feel much better.
You feel sick. The yak closely misses you.
The orc wizard points at you and mumbles some strange words.
The magic dart hits you!
Casting: Sticky Flame
Confirm with . or Enter, or press ? or * to list all spells.
Aiming: Sticky Flame
Press: ? - help, Shift-Dir - straight line, f - yak
Aim: a yak (moderately wounded)
The sticky flame hits the yak.
The yak is heavily wounded.
The yak is covered in liquid flames!
The yak burns!
The yak gores you!
* * * LOW HITPOINT WARNING * * *
Drink which item? (? for menu, Esc to quit)
You feel better.
The yak burns!
The yak gores you!
You die...

.....##### #####..........#.#
#...## ##.#######...### .†.##
#.# ###...## ..## #.# #..#...
.## ########## #.## #...... .#
#........###..## ##...###
.######........#o....#####...##
#
.)))...........#Y##...)#....##
#
.######........#@#..........###
# ## #..........#........#...#
# #.........##..⌠.........# #
#.........##...........## #
#.#####...##.........### # ##.#
#.####.........# # #..#####.#
##.........## #
#.##.....###...........# ##
###....#...#.............# #.


You could see a yak (burning) and an orc wizard.

Vanquished Creatures
  The ghost of slAvIk159 the Skirmisher, an amateur MiGl of Okawaru (D:7)
  A two-headed ogre (D:8)
  Sigmund (D:4)
  A spriggan (D:7)
  2 yaks (D:9)
  Eustachio (D:5)
  3 wargs (D:8)
  Menkaure (D:5)
  A water moccasin (D:5)
  Duvessa (D:4)
  3 sky beasts
  A black bear (D:8)
  A phantom (D:7)
  8 ogres
  2 centaurs
  4 elf zombies (Ossuary)
  Blork the orc (D:6)
  3 giant frogs
  Dowan (D:4)
  A water moccasin skeleton (D:4)
  2 scorpions
  5 killer bees (D:7)
  13 wights
  A crimson imp (D:8)
  2 centaur zombies
  A quasit (D:3)
  2 giant frog zombies
  9 hounds
  A jelly (D:8)
  2 giant frog skeletons
  9 orc priests
  6 orc wizards
  2 iguanas
  4 worker ants
  A big kobold zombie (Ossuary)
  2 hound zombies (Ossuary)
  3 mummies (Ossuary)
  3 gnolls (D:6)
  9 adders
  3 shadow imps
  3 oozes
  7 adder zombies (Ossuary)
  An adder skeleton (D:5)
  3 worms
  4 giant geckos
  17 orcs
  A ball python (D:3)
  8 bats
  3 giant cockroaches
  A gnoll zombie (Ossuary)
  5 goblins
  8 hobgoblins
  11 jackals
  2 quokkas
  2 giant gecko skeletons
  5 giant newts
  2 goblin zombies (Ossuary)
  A hobgoblin zombie (Ossuary)
  7 jackal zombies (Ossuary)
  9 kobolds
  An orc zombie (Ossuary)
  A quokka skeleton (D:6)
  7 quokka zombies (Ossuary)
  4 rats (D:1)
  A rat zombie (Ossuary)
232 creatures vanquished.

Notes
Turn   | Place    | Note
--------------------------------------------------------------
     0 | D:1      | Geeful the Octopode Fire Elementalist began the quest for the Orb.
     0 | D:1      | Reached XP level 1. HP: 11/11 MP: 3/3
   444 | D:1      | Reached XP level 2. HP: 15/17 MP: 0/5
   940 | D:1      | Reached XP level 3. HP: 21/21 MP: 4/6
  2038 | D:2      | Reached XP level 4. HP: 19/27 MP: 4/8
  3180 | D:3      | Learned a level 4 spell: Sticky Flame
  3206 | D:3      | Reached skill level 4 in Fire Magic
  3206 | D:3      | Reached XP level 5. HP: 31/31 MP: 9/9
  3519 | D:4      | Reached XP level 6. HP: 25/36 MP: 11/11
  3848 | D:4      | Noticed Sigmund
  3937 | D:4      | Killed Sigmund
  3937 | D:4      | Reached skill level 5 in Fire Magic
  3937 | D:4      | Reached XP level 7. HP: 12/41 MP: 13/13
  4223 | D:4      | Noticed Dowan
  4460 | D:4      | Noticed Duvessa
  4465 | D:5      | Entered Level 5 of the Dungeon
  4570 | D:5      | Noticed Eustachio
  4917 | D:4      | Reached skill level 5 in Conjurations
  5072 | D:4      | Reached XP level 8. HP: 46/46 MP: 15/15
  5143 | D:4      | Killed Duvessa
  5143 | D:4      | Reached skill level 5 in Spellcasting
  5284 | D:4      | Killed Dowan
  5284 | D:4      | Reached skill level 6 in Fire Magic
  6378 | D:5      | Found Liusan's General Store.
  6491 | D:5      | Bought 2 potions of curing for 78 gold pieces
  6562 | D:5      | Noticed Menkaure
  6569 | D:5      | Killed Menkaure
  6947 | D:5      | Killed Eustachio
  6947 | D:5      | Reached skill level 7 in Fire Magic
  6947 | D:5      | Reached XP level 9. HP: 43/51 MP: 18/18
  7182 | D:6      | Found Opiq's Antique Weapon Shoppe.
  7780 | D:6      | Noticed Blork the orc
  7795 | D:6      | Killed Blork the orc
  8709 | D:7      | Found a sand-covered staircase.
  8717 | Ossuary  | Entered an ossuary
  9599 | D:7      | Reached skill level 8 in Fire Magic
 10129 | D:7      | Learned a level 5 spell: Fireball
 10165 | D:6      | HP: 1/51 [sky beast (6)]
 10320 | D:6      | Reached XP level 10. HP: 19/56 MP: 21/21
 10747 | D:7      | Found a staircase to the Ecumenical Temple.
 10753 | Temple   | Entered the Ecumenical Temple
 10807 | Temple   | Became a worshipper of Sif Muna the Loreminder
 11176 | D:7      | Noticed slAvIk159's ghost (amateur MiGl)
 11180 | D:7      | Killed slAvIk159's ghost
 11553 | D:7      | Reached * piety under Sif Muna
 11880 | D:8      | Reached skill level 9 in Fire Magic
 11883 | D:8      | Reached skill level 1 in Invocations
 12650 | D:8      | Found a staircase to the Lair.
 13066 | D:9      | Found Feqepaps's Food Shop.
 13102 | D:9      | Reached ** piety under Sif Muna
 13121 | D:9      | HP: 1/56 [orc wizard/dagger (4)]
 13126 | D:8      | Slain by a yak

Vault maps used:
D:1:      tarquinn_simple_flora_water_b, serial_bayou_lake_a
D:2:      first_bread
D:3:      minmay_liquid_box
D:4:      uniq_duvessa, uniq_sigmund
D:5:      serial_shops, nicolae_shop_waterfront, uniq_menkaure, uniq_eustachio
D:6:      serial_shops, shop, serial_co_window_serial, co_window_paths_a,
          co_window_of_opportunity_a, co_window_cross_1, co_window_paths_b,
          co_window_of_opportunity_a, co_window_cross_1, co_window_corner_a,
          co_window_broadway_c, co_window_broadway_b, co_window_2corner,
          co_window_of_opportunity_b, co_window_2corner, co_window_4corner_a,
          uniq_blork_the_orc
D:7:      minmay_temple_entry_hall, enter_ossuary_1, the_bakery
D:8:      erik_lair_orcish_takeover, solitary_fountain
D:9:      gammafunk_temple_overflow_elements, david_orc_3, serial_shops,
          nicolae_shop_stone, nicolae_shop_behind_doors, shop,
          grunt_ministairs_3
Temple:   grunt_circular_temple_18
Ossuary:  minmay_ossuary_two_tombs

Action                   |  1- 3 |  4- 6 |  7- 9 | 10-12 || total
-------------------------+-------+-------+-------+-------++-------
Melee: Club              |     2 |       |       |       ||     2
       Short sword       |    18 |     1 |       |       ||    19
       Long sword        |       |    35 |     4 |       ||    39
       Staff             |       |       |    24 |    31 ||    55
Throw: Tomahawk          |       |     6 |       |       ||     6
 Cast: Flame Tongue      |    61 |    33 |   219 |    40 ||   353
       Sticky Flame      |       |       |    46 |    38 ||    84
       Fireball          |       |       |     2 |    15 ||    17
Evoke: Wand              |       |     8 |     5 |     3 ||    16
  Use: Scroll            |       |    10 |    10 |     4 ||    24
       Potion            |       |       |     4 |     2 ||     6
 Stab: Sleeping          |     4 |     3 |     2 |     1 ||    10
  Eat: Chunk             |     4 |     5 |    15 |    10 ||    34
       Beef jerky        |       |       |     1 |       ||     1
       Fruit             |       |       |     4 |       ||     4
       Meat ration       |       |       |     1 |     1 ||     2
       Pizza             |       |       |     1 |       ||     1
